AoeStats
← Navix de los Bosques de Lituania

Black Forest

509518927Analyzed
3v3 RM · 4d ago on Sep 27, 2026· 47m 32s· 6 players
Game mode
Random Map
Map size
Normal (6 player)
Population
200
Speed
Normal
Resources
Standard
Victory
Conquest
Starting age
Dark Age
Ending age
Imperial Age
RankedLock teamsTeams togetherTeam positionsShared explorationLock speedFull tech treeHidden civsTurbo modeCheats
Victory
Defeat
🇲🇽 Khmer · Mexico
815
+18
🇲🇽 Turks · Mexico
726
+21
🇲🇽 Saxons · Mexico
679
+22
🇲🇽 Celts · Mexico
906
-63
🇺🇸 Portuguese · United States
814
-19
813
-19
Navix de los Bosques de Lituania
5:32 Loom
10:57 Feudal Age
11:47 Double-Bit Axe
14:06 Wheelbarrow
13:29 Gold Mining
14:47 Horse Collar
20:02 Padded Archer Armor
19:53 Fletching
24:07 Castle Age
23:16 Forging
23:07 Scale Mail Armor
24:58 Caravan
25:28 Coinage
25:26 Crossbowman
26:55 Hand Cart
27:29 Bow Saw
28:43 Elite Skirmisher
29:31 Thumb Ring
30:02 Ballistics
30:44 Bodkin Arrow
31:04 Leather Archer Armor
33:20 Masonry
37:21 Imperial Age
35:15 Leather Archer Armor
36:07 Iron Casting
35:53 Chain Mail Armor
lordwhite
1:34 Loom
12:58 Feudal Age
15:18 Wheelbarrow
14:48 Horse Collar
15:17 Gold Mining
15:16 Double-Bit Axe
23:16 Castle Age
24:56 Gold Shaft Mining
24:26 Heavy Plow
26:22 Caravan
27:33 Bow Saw
27:33 Scale Mail Armor
27:45 Forging
27:43 Scale Barding Armor
31:18 Hand Cart
37:06 Imperial Age
37:23 Town Watch
38:50 Pikeman
38:51 Man-at-Arms
39:28 Halberdier
39:55 Gambesons
39:56 Arson
42:25 Heavy Mounted Crossbowman
42:30 Elite Skirmisher
42:33 Crossbowman
46:21 Elite Woad Raider
47:36 Conscription
47:27 Furor Celtica
47:07 Stronghold
Chuckles19861
0:26 Loom
15:33 Feudal Age
19:13 Castle Age
18:06 Horse Collar
18:21 Double-Bit Axe
19:04 Stone Mining
19:34 Gold Mining
21:05 Heavy Plow
24:11 Wheelbarrow
24:59 Bow Saw
25:33 Caravan
27:17 Hand Cart
35:06 Imperial Age
36:48 Chemistry
35:17 Elite Organ Gun
35:49 Pikeman
38:02 Conscription
38:31 Halberdier
42:54 Padded Archer Armor
42:44 Fletching
42:55 Scale Mail Armor
43:05 Forging
43:54 Arquebus
46:02 Leather Archer Armor
45:42 Bodkin Arrow
46:03 Chain Mail Armor
titoxcastro90
6:56 Loom
12:33 Feudal Age
12:58 Horse Collar
13:05 Double-Bit Axe
13:57 Wheelbarrow
18:31 Castle Age
16:46 Gold Mining
17:04 Stone Mining
19:23 Heavy Plow
19:35 Bow Saw
23:21 Stone Shaft Mining
23:23 Gold Shaft Mining
27:18 Imperial Age
27:43 Hand Cart
27:18 Town Watch
28:10 Double Crossbow
28:31 Conscription
28:37 Scale Barding Armor
28:42 Forging
28:23 Fletching
29:08 Crop Rotation
29:43 Town Patrol
30:32 Elite Ballista Elephant
32:28 Chemistry
32:14 Chain Barding Armor
32:29 Iron Casting
32:19 Ballistics
33:01 Caravan
34:44 Plate Barding Armor
35:10 Blast Furnace
34:22 Siege Engineers
HeadedCornet303
1:21 Loom
14:25 Feudal Age
14:52 Double-Bit Axe
14:48 Horse Collar
17:56 Stone Mining
18:00 Gold Mining
18:02 Stone Mining
22:32 Castle Age
27:10 Bow Saw
29:05 Heavy Plow
30:05 Wheelbarrow
32:03 Fletching
32:13 Padded Archer Armor
34:10 Gold Shaft Mining
36:27 Imperial Age
36:44 Leather Archer Armor
37:14 Caravan
38:38 Two-Man Saw
42:02 Elite Janissary
42:40 Bodkin Arrow
43:15 Ring Archer Armor
45:17 Conscription
45:58 Forging
45:48 Scale Mail Armor
45:52 Bracer
47:27 Artillery
mecofundiyo
0:43 Loom
14:48 Feudal Age
16:04 Wheelbarrow
15:22 Gold Mining
15:21 Double-Bit Axe
15:18 Horse Collar
15:28 Town Watch
17:45 Stone Mining
22:57 Castle Age
24:16 Gold Shaft Mining
23:44 Heavy Plow
23:58 Bow Saw
24:14 Hand Cart
24:00 Town Patrol
32:32 Caravan
36:59 Imperial Age
36:18 Coinage
38:51 Two-Man Saw
38:27 Crop Rotation
39:17 Elite Hearth Troop
40:44 Guilds
41:05 Banking
41:11 Conscription
Connection lost

Rejoining the realm…

Still unreachable

The connection could not be restored.

Session expired

The server has moved on; the page needs a fresh start.